 Dungeon Crawl Stone Soup version 0.29-a0-338-g1ff7896281 (webtiles) character file.

Game seed: 3618396813489298345

3637 brightshaft the Carver (level 10, -2/79 HPs)
             Began as a Merfolk Gladiator on Apr 17, 2022.
             Was a Follower of Okawaru.
             Slain by a wyvern (10 damage)
             ... on level 8 of the Dungeon.
             The game lasted 00:16:58 (10198 turns).

brightshaft the Carver (Merfolk Gladiator)         Turns: 10198, Time: 00:16:58

Health: -2/79      AC: 11    Str: 15    XL:     10   Next: 11%
Magic:  11/11      EV: 18    Int:  7    God:    Okawaru [*.....]
Gold:   408        SH:  0    Dex: 20    Spells: 9/9 levels left

rFire   . . .      SeeInvis .   G - +4 long sword
rCold   . . .      Faith    .   (no shield)
rNeg    . . .      Spirit   .   A - +1 leather armour {rPois}
rPois   +          Reflect  .   n - +2 hat
rElec   .          Harm     .   h - +0 cloak
rCorr   .          Rampage  .   (no gloves)
Will    .....                   (no boots)
Stlth   +.........              (no amulet)
HPRegen 0.23/turn               D - +4 ring of protection
MPRegen 0.12/turn               (no ring)

@: no status effects
A: (nimble swimmer 2), mertail
a: Renounce Religion, Heroism


You were on level 8 of the Dungeon.
You worshipped Okawaru.
Okawaru was aware of your devotion.
You visited 2 branches of the dungeon, and saw 9 of its levels.

You collected 408 gold pieces.

Inventory:

Hand Weapons
 G - a +4 long sword (weapon)
Missiles
 e - 5 javelins
 w - 13 boomerangs (quivered)
 E - 16 poisoned darts
Armour
 g - a +0 scale mail
 h - a +0 cloak (worn)
 j - a +0 ring mail
 n - a +2 hat (worn)
 q - a +0 helmet
 A - a +1 leather armour of poison resistance (worn)
Jewellery
 t - a ring of magical power
 D - a +4 ring of protection (left hand)
 F - a ring of flight
Wands
 u - a wand of iceblast (14)
 C - a wand of flame (14) {@v2}
Scrolls
 k - 3 scrolls of fog
 m - 2 scrolls of enchant weapon
 s - 2 scrolls of magic mapping
 x - 2 scrolls of blinking
 y - a scroll of acquirement {unknown}
 z - 4 scrolls of identify {@r1}
 B - 5 scrolls of teleportation {@r4}
Potions
 b - a potion of resistance {unknown}
 c - a potion of degeneration {unknown}
 d - a potion of berserk rage
 f - 2 potions of brilliance {unknown}
 l - a potion of magic {unknown}
 o - 2 potions of curing {unknown}
 p - 2 potions of mutation {unknown}
 r - 3 potions of flight
 v - a potion of cancellation {unknown}


   Skills:
 + Level 7.1 Fighting
 + Level 11.4 Long Blades
 - Level 2.0 Throwing
 + Level 4.5 Armour
 + Level 9.0 Dodging
 + Level 1.7 Invocations


You had 9 spell levels left.
You didn't know any spells.
Your spell library contained the following spells:

 Spells                   Type           Power      Damage    Failure   Level
 Freeze                   Ice            0%         1d3       50%         1
 Corpse Rot               Necr/Air       0%         N/A       65%         2
 Poisonous Vapours        Pois/Air       0%         N/A       65%         2
 Frozen Ramparts          Ice            0%         1d2       86%         3
 Portal Projectile        Hex/Tloc       0%         N/A       86%         3
 Hailstorm                Conj/Ice       0%         3d3       99%         4
 Ice Form                 Ice/Tmut       0%         N/A       99%         4
 Leda's Liquefaction      Hex/Erth       0%         N/A       99%         4
 Passage of Golubria      Tloc           0%         N/A       99%         4
 Yara's Violent Unravell  Hex/Tmut       0%         3d3       100%        5
 Call Canine Familiar     Summ           Unusable   N/A       N/A         3
 Tukima's Dance           Hex            Unusable   N/A       N/A         3
 Simulacrum               Ice/Necr       Unusable   N/A       N/A         6

Dungeon Overview and Level Annotations

Branches:
Dungeon (8/15)             Temple (1/1) D:7
   Lair: D:8-11

Altars:
Ashenzari
Dithmenos
Elyvilon
Gozag
Hepliaklqana
Kikubaaqudgha
Okawaru
Qazlal
Trog
Xom


Innate Abilities, Weirdness & Mutations

((You are very nimble when in or above water. (Stealth+, EV+, Speed+++)))
Your lower body shifts to a powerful aquatic tail in water.


Message History

The wyvern misses you.
The howler monkey completely misses you.
The wyvern bites you!
* * * LOW HITPOINT WARNING * * *
You barely miss the howler monkey.
The howler monkey is heavily wounded.
The howler monkey hoots and howls with incredible vigour!
The wyvern bites you but does no damage.
You slash the howler monkey!
You kill the howler monkey!
Okawaru accepts your kill.
The wyvern bites you but does no damage.
Your Dodging skill increases to level 9!
You slice the orc warrior!!
You kill the orc warrior!
Okawaru accepts your kill. The wyvern bites you.
* * * LOW HITPOINT WARNING * * *
You slash the orc priest!
The orc priest is almost dead.
The wyvern barely misses you. The orc priest completely misses you.
The wyvern bites you.
* * * LOW HITPOINT WARNING * * *
You slash the orc priest!
You kill the orc priest!
Okawaru accepts your kill. The wyvern closely misses you.
The wyvern closely misses you.
Items here: ))) [ ††.
The wyvern closely misses you. The wyvern misses you.
You hit the wyvern.
The wyvern is lightly wounded.
The wyvern misses you.
You hit the wyvern.
The wyvern is lightly wounded.
The wyvern bites you but does no damage.
You closely miss the wyvern.
The wyvern is lightly wounded.
The wyvern barely misses you. The wyvern bites you!
You die...

#.#..S.S#.##.# #.......#
#..###ol##..# #..######
#..#.h##..## #..#
#..###o###..## #..#
#.........## #))#
..........h## #.)#
##########.##########..#
#######.#.....l.....###.#
.............@).....)..<#
#######.#.############.##
##### .# #


You could see a wyvern.

Vanquished Creatures
  Pikel (D:6)
  A hornet (D:6)
  Grinder (D:4)
  Eustachio (D:4)
  Edmund (D:4)
  2 orc warriors
  3 sky beasts
  2 black bears (D:6)
  2 ice beasts
  3 centaurs
  2 lemures (D:6)
  A kobold brigand (D:8)
  A bullfrog (D:6)
  A necrophage (D:6)
  2 scorpions
  5 wights (D:7)
  A killer bee (D:8)
  2 howler monkeys
  4 orc priests
  5 hounds
  Ijyb (D:4)
  Terence (D:2)
  3 iguanas
  6 orc wizards
  Robin (D:2)
  4 gnolls (D:4)
  7 adders
  A shadow imp (D:6)
  A white imp (D:7)
  2 ufetubi (D:6)
  3 dart slugs
  23 orcs
  8 endoplasms
  3 giant cockroaches
  14 goblins
  7 hobgoblins
  6 jackals
  9 quokkas
  7 ball pythons
  3 bats
  8 frilled lizards
  4 kobolds
  5 rats
168 creatures vanquished.

Vanquished Creatures (others)
  3 plants (D:2)
  A withered plant (D:2)
4 creatures vanquished.

Grand Total: 172 creatures vanquished

Notes
Turn   | Place    | Note
-------+----------+-------------------------------------------
     0 | D:1      | brightshaft the Merfolk Gladiator began the quest for the
                  | Orb.
     0 | D:1      | Reached XP level 1. HP: 16/16 MP: 1/1
    85 | D:1      | Reached skill level 4 in Long Blades
    91 | D:1      | Reached XP level 2. HP: 5/22 MP: 2/2
   867 | D:1      | Reached XP level 3. HP: 27/27 MP: 3/3
   869 | D:1      | Reached skill level 5 in Long Blades
  1422 | D:2      | Noticed Terence
  1433 | D:2      | Killed Terence
  1434 | D:2      | Reached XP level 4. HP: 17/33 MP: 4/4
  1592 | D:2      | Reached skill level 6 in Long Blades
  1625 | D:2      | Noticed Robin
  1651 | D:2      | Killed Robin
  2296 | D:2      | Found a faded altar of an unknown god.
  2672 | D:2      | Reached XP level 5. HP: 38/38 MP: 5/5
  2809 | D:3      | Reached skill level 7 in Long Blades
  3176 | D:3      | Reached XP level 6. HP: 27/44 MP: 6/6
  3180 | D:3      | Reached skill level 8 in Long Blades
  3882 | D:3      | Noticed a sky beast
  3910 | D:3      | Killed a sky beast
  4448 | D:4      | Noticed Ijyb
  4458 | D:4      | Killed Ijyb
  4649 | D:4      | Noticed Grinder
  4658 | D:4      | Killed Grinder
  4659 | D:4      | Reached skill level 9 in Long Blades
  4659 | D:4      | Reached skill level 1 in Armour
  4659 | D:4      | Reached XP level 7. HP: 52/52 MP: 7/7
  4972 | D:4      | Noticed Eustachio
  5018 | D:4      | Noticed Edmund
  5034 | D:4      | Killed Edmund
  5035 | D:4      | Reached skill level 5 in Dodging
  5105 | D:4      | Killed Eustachio
  5106 | D:4      | Reached XP level 8. HP: 13/60 MP: 8/8
  5643 | D:5      | Entered Level 5 of the Dungeon
  7406 | D:6      | Reached skill level 10 in Long Blades
  7706 | D:6      | Noticed Pikel
  7747 | D:6      | Reached skill level 5 in Fighting
  7755 | D:6      | Killed Pikel
  7756 | D:6      | Reached XP level 9. HP: 30/69 MP: 9/9
  8792 | D:7      | Noticed a hornet
  8810 | D:6      | HP: 3/69 [hornet (8)]
  8812 | D:6      | Killed a hornet
  9158 | D:7      | Found a staircase to the Ecumenical Temple.
  9168 | Temple   | Entered the Ecumenical Temple
  9186 | Temple   | Reached skill level 11 in Long Blades
  9304 | Temple   | Became a worshipper of Warmaster Okawaru
  9685 | D:7      | Reached XP level 10. HP: 51/77 MP: 10/10
 10153 | D:8      | Reached skill level 1 in Invocations
 10179 | D:8      | HP: 2/79 [wyvern (12)]
 10183 | D:8      | Reached * piety under Okawaru
 10198 | D:8      | Slain by a wyvern

Illustrated notes

Levels and vault maps discovered:
D:1:      amcnicky_arrival_gap_in_the_tavern_cellar, layout_basic,
          chequers_avenue, st_stairs_6
D:2:      layout_basic, shapermc_ecumenical_altar_gd,
          hangedman_abyss_or_decor_stabs, kennysheep_generic_room_14,
          uniq_terence, uniq_robin
D:3:      minmay_angry_zag, layout_loops_ring
D:4:      layout_loops_ring, uniq_eustachio, uniq_grinder, uniq_edmund,
          uniq_ijyb
D:5:      layout_layer_cave
D:6:      layout_loops_ring, serial_rivers, chequers_serial_rivers_large_b,
          chequers_serial_rivers_small_b, chequers_serial_rivers_small_3,
          chequers_serial_rivers_small_a, chequers_serial_rivers_micro_a,
          uniq_pikel
D:7:      layout_cave_pools, minmay_temple_entry_grid
D:8:      minmay_the_grid_octo_2x2 [minmay_the_grid_octo_vomiting_pacman,
          minmay_the_grid_octo_chip, minmay_the_grid_octo_focus,
          minmay_the_grid_octo_prize_ultimate_mussel_roller], layout_loops_ring,
          mainiacjoe_overflow_chevrons, grunt_decor_resistance
Temple:   regret_index_temple_sigil_plot

Skill      XL: |  1  2  3  4  5  6  7  8  9 10 |
---------------+-------------------------------+-----
Long Blades    | 4 5 6 7 9 10 11 | 11.4
Fighting       | 3 5 6 7 |  7.1
Armour         | 1 2 3 4 |  4.5
Dodging        | 5 7 8 9 |  9.0
Invocations    | 1 |  1.7
Throwing       | |  2.0

Action                   |  1- 3 |  4- 6 |  7- 9 | 10-12 || total
-------------------------+-------+-------+-------+-------++-------
Melee: Long sword        |    93 |   194 |   373 |    39 ||   699
       Punch             |     1 |     3 |     3 |     1 ||     8
Throw: Throwing net      |     1 |     2 |       |       ||     3
       Boomerang         |       |     6 |    26 |       ||    32
  Use: Scroll            |       |     8 |       |       ||     8
       Potion            |       |       |     4 |     1 ||     5
 Stab: Held in net/web   |     2 |     2 |       |       ||     4
       Sleeping          |       |       |     2 |       ||     2
Armor: Scale mail        |    50 |    47 |       |       ||    97
       Ring mail         |       |    26 |    68 |       ||    94
       Leather armour    |       |       |    85 |    19 ||   104
Dodge: Dodged            |    64 |    67 |   313 |    68 ||   512

Table legend: (Time is in decaauts)
 A = Elapsed time spent in this place.
 B = Non-inter-level travel time spent in this place.
 C = Inter-level travel time spent in this place.
 D = Time resting spent in this place.
 E = Time spent auto-exploring this place.
 F = Levels seen in this place.
 G = Mean time per level.
                   A        B        C        D        E       F      G
               +--------+--------+--------+--------+--------+-----+--------+
         Total |  10157 |   9760 |    397 |      0 |   8199 |   9 | 1128.6 |
       Dungeon |  10000 |   9622 |    378 |      0 |   8091 |   8 | 1250.0 |
        Temple |    157 |    138 |     19 |      0 |    108 |   1 |  157.0 |
               +--------+--------+--------+--------+--------+-----+--------+

Top non-repeatable levels by time:
     D:2: 1631 daAuts
     D:6: 1597 daAuts
     D:5: 1540 daAuts
     D:4: 1519 daAuts
     D:1: 1359 daAuts
     D:3: 1355 daAuts
     D:7: 887 daAuts
  Temple: 157 daAuts
     D:8: 108 daAuts
